 Dungeon Crawl Stone Soup version 0.29.1-2-gbd0b4ee654 (webtiles) character file.

Game seed: 4898910820425036186

23 cdecastro the Shooter (level 3, -4/27 HPs)
             Began as a Formicid Hunter on Nov 5, 2022.
             Was a Follower of Makhleb.
             Slain by Jessica
             ... wielding a +0 dagger of electrocution
              (20 damage)
             ... on level 2 of the Dungeon.
             The game lasted 00:02:23 (1594 turns).

cdecastro the Shooter (Formicid Hunter)             Turns: 1594, Time: 00:02:23

Health: -4/27      AC:  3    Str: 17    XL:     3   Next: 12%
Magic:  3/3        EV: 12    Int:  8    God:    Makhleb [*.....]
Gold:   51         SH:  0    Dex: 17    Spells: 2/2 levels left

rFire   . . .      SeeInvis +   a - +0 shortbow
rCold   . . .      Faith    .   (no shield)
rNeg    . . .      Spirit   .   c - +0 leather armour
rPois   .          Reflect  .   (helmet unavailable)
rElec   .          Harm     .   (no cloak)
rCorr   .          Rampage  .   (no gloves)
Will    .....                   (no boots)
Stlth   ++........              (no amulet)
HPRegen 0.09/turn               (no ring)
MPRegen 0.08/turn               (no ring)

@: no status effects
A: permanent stasis, dig shafts and tunnels, antennae 3, four strong arms
a: Dig, Shaft Self, Renounce Religion


You were on level 2 of the Dungeon.
You worshipped Makhleb.
Makhleb was aware of your devotion.
You visited 1 branch of the dungeon, and saw 2 of its levels.

You collected 51 gold pieces.

Inventory:

Hand Weapons
 a - a +0 shortbow (weapon)
Armour
 c - a +0 leather armour (worn)
Scrolls
 b - a scroll of immolation
 d - a scroll of enchant armour {unknown}
 g - a scroll of identify {unknown}
 j - a scroll of teleportation {unknown}
Potions
 e - a potion of haste {unknown}
 f - a potion of cancellation {unknown}
 h - a potion of magic {unknown}
 i - a potion of brilliance {unknown}
 k - a potion of might {unknown}
 l - a potion of mutation {unknown}


   Skills:
 - Level 2.1 Fighting
 + Level 4.9 Ranged Weapons
 - Level 1.7 Dodging
 - Level 1.2 Stealth


You had 2 spell levels left.
You didn't know any spells.
Your spell library contained the following spells:

 Spells                   Type           Power      Damage    Failure   Level
 Confusing Touch          Hex            0%         N/A       85%         3
 Summon Forest            Summ/Tloc      0%         N/A       100%        5
 Yara's Violent Unravell  Hex/Tmut       0%         3d3       100%        5
 Eringya's Noxious Bog    Tmut/Pois      0%         N/A       100%        6
 Enfeeble                 Hex            0%         N/A       100%        7
 Summon Hydra             Summ           0%         N/A       100%        7


Dungeon Overview and Level Annotations

Branches:
Dungeon (2/15)

Altars:
Makhleb

Annotations:
D:2 Jessica


Innate Abilities, Weirdness & Mutations

You cannot be hasted, slowed, berserked, paralysed or teleported.
You can dig through walls and to a lower floor.
You have a pair of large antennae on your head. (SInv)
Your four strong arms can wield two-handed weapons with a shield.


Message History

Things that are here:
a +0 club; a +0 leather armour; a goblin corpse
Found a stone staircase leading down.
l - a puce potion You now have 51 gold pieces (gained 16).
Found a stone staircase leading up.
Found a robe.
There is a stone staircase leading up here.
You see here a +2 dagger of venom.
You sense a monster nearby.
A hobgoblin comes into view.
A hobgoblin is nearby!
A hobgoblin is nearby!
You shoot an arrow.
The arrow completely misses the hobgoblin.
The hobgoblin shouts!
You hear a shout!
You shoot an arrow. The arrow hits the hobgoblin.
You kill the hobgoblin!
Makhleb accepts your kill.
Jessica mumbles some strange words.
Jessica blinks!
You shoot an arrow. The arrow hits Jessica!
Jessica is almost dead.
Jessica gestures at you while chanting. Pain shoots through your body!
Unknown command.
Fire: a) +0 shortbow
Press: ? - help, Q - select action, (/) - cycle Shift-Dir - straight line, f/p - Jessica
Aim: Jessica, wielding a +0 dagger of electrocution, wearing a +0 robe and carrying a wand of polymorph (5) (almost dead, 63% to hit)
You shoot an arrow. The arrow closely misses Jessica.
Jessica casts a spell.
Jessica seems to speed up.
Fire: a) +0 shortbow
Press: ? - help, Q - select action, (/) - cycle Shift-Dir - straight line, f/p - Jessica
Aim: Jessica, wielding a +0 dagger of electrocution, wearing a +0 robe and carrying a wand of polymorph (5) (almost dead, fast, 63% to hit)
You shoot an arrow. The arrow closely misses Jessica.
Jessica hits you with a +0 dagger of electrocution.
You are electrocuted!!
Ouch! That really hurt!
You die...

........................
#..>#.#.####.<.........
.##...#.#....#.#........#
......#...##.#.###..#..##
.........###.#.####.##..#
.#(.....##.......##.###..
##.....(..#####.##...##.
......#.@### #.####.##.
#.#...##@#######......##.
. ###.........#######....
#.#######.### ##.... .(
#...####..... ..#
###.......).. .
######..... ###... ##..
#...


You could see Jessica (fast).

Vanquished Creatures
  A worm (D:2)
  2 ball pythons (D:1)
  2 endoplasms (D:1)
  A giant cockroach (D:1)
  A goblin (D:2)
  3 hobgoblins
  2 quokkas (D:1)
  2 bats (D:1)
  A frilled lizard (D:1)
  2 kobolds (D:2)
  2 rats (D:1)
19 creatures vanquished.

Notes
Turn   | Place    | Note
-------+----------+-------------------------------------------
     0 | D:1      | cdecastro the Formicid Hunter began the quest for the Orb.
     0 | D:1      | Reached XP level 1. HP: 16/16 MP: 1/1
   122 | D:1      | Found a faded altar of an unknown god.
   131 | D:1      | Prayed at the altar of an unknown god.
   131 | D:1      | Became a worshipper of Makhleb the Destroyer
   131 | D:1      | Reached * piety under Makhleb
   352 | D:1      | Reached XP level 2. HP: 22/22 MP: 2/2
   901 | D:2      | Noticed Jessica
  1390 | D:2      | Reached XP level 3. HP: 27/27 MP: 3/3
  1594 | D:2      | Slain by Jessica

Illustrated notes

Levels and vault maps discovered:
D:1:      roderic_octagonal_star, layout_basic,
          chequers_ecumenical_altar_simple_redux
D:2:      layout_rooms, serial_glass, glass_columns_a, glass_columns_b,
          uniq_jessica

Action                   || total
-------------------------++-------
 Fire: Shortbow          ||    66
 Abil: Dig               ||     2
Armor: Leather armour    ||     3
Dodge: Dodged            ||    13
